Workbook

Sheet Presupuesto Integral
B1: Primero completar pronóstico de ventas
B3: Luego completar celdas en Verde las celdas en gris se calculan por formulas
B5: Presupuesto Integral:
C7: Mes 1 | D7: Mes 2 | E7: Mes 3 | F7: Mes 4 | G7: Mes 5 | H7: Mes 6 | I7: Mes 7 | J7: Mes 8 | K7: Mes 9 | L7: Mes 10 | M7: Mes 11 | N7: Mes 12 | O7: Total Anual
C8: Ene. | D8: Feb. | E8: Mar. | F8: Abr. | G8: May. | H8: Jun. | I8: Jul. | J8: Ago. | K8: Sep. | L8: Oct. | M8: Nov. | N8: Dic.
B9: Ingreso x Ventas | C9: ='Pronóstico de Ventas'!C10 -> 0 | D9: ='Pronóstico de Ventas'!D10 -> 0 | E9: ='Pronóstico de Ventas'!E10 -> 0 | F9: ='Pronóstico de Ventas'!F10 -> 0 | G9: ='Pronóstico de Ventas'!G10 -> 0 | H9: ='Pronóstico de Ventas'!H10 -> 0 | I9: ='Pronóstico de Ventas'!I10 -> 0 | J9: ='Pronóstico de Ventas'!J10 -> 0 | ... N9: ='Pronóstico de Ventas'!N10 -> 0 | O9: =SUM(C9:N9) -> 0
B10: CMV | C10: ='Pronóstico de Ventas'!C14 -> 0 | D10: ='Pronóstico de Ventas'!D14 -> 0 | E10: ='Pronóstico de Ventas'!E14 -> 0 | F10: ='Pronóstico de Ventas'!F14 -> 0 | G10: ='Pronóstico de Ventas'!G14 -> 0 | H10: ='Pronóstico de Ventas'!H14 -> 0 | I10: ='Pronóstico de Ventas'!I14 -> 0 | J10: ='Pronóstico de Ventas'!J14 -> 0 | ... N10: ='Pronóstico de Ventas'!N14 -> 0 | O10: =SUM(C10:N10) -> 0
B11: Ganancia Bruta | C11: =C9-C10 -> 0 | D11: =D9-D10 -> 0 | E11: =E9-E10 -> 0 | F11: =F9-F10 -> 0 | G11: =G9-G10 -> 0 | H11: =H9-H10 -> 0 | I11: =I9-I10 -> 0 | J11: =J9-J10 -> 0 | ... N11: =N9-N10 -> 0 | O11: =SUM(C11:N11) -> 0
B12: Otros Ingresos | C12: 0 | D12: 0 | E12: 0 | F12: 0 | G12: 0 | H12: 0 | I12: 0 | J12: 0 | K12: 0 | L12: 0 | M12: 0 | N12: 0 | O12: =SUM(C12:N12) -> 0
B13: Otros Egresos
B14: Salarios | O14: =SUM(C14:N14) -> 0
B15: Publicidad y Prom. | O15: =SUM(C15:N15) -> 0
B16: I&D | O16: =SUM(C16:N16) -> 0
B17: otros | O17: =SUM(C17:N17) -> 0
B18: Total Otros Egresos: | C18: =SUM(C14:C17) -> 0 | D18: =SUM(D14:D17) -> 0 | E18: =SUM(E14:E17) -> 0 | F18: =SUM(F14:F17) -> 0 | G18: =SUM(G14:G17) -> 0 | H18: =SUM(H14:H17) -> 0 | I18: =SUM(I14:I17) -> 0 | J18: =SUM(J14:J17) -> 0 | ... N18: =SUM(N14:N17) -> 0 | O18: =SUM(C18:N18) -> 0
B19: Ganancia antes de Imp. | C19: =+C11+C12-C18 -> 0 | D19: =+D11+D12-D18 -> 0 | E19: =+E11+E12-E18 -> 0 | F19: =+F11+F12-F18 -> 0 | G19: =+G11+G12-G18 -> 0 | H19: =+H11+H12-H18 -> 0 | I19: =+I11+I12-I18 -> 0 | J19: =+J11+J12-J18 -> 0 | ... N19: =+N11+N12-N18 -> 0 | O19: =SUM(C19:N19) -> 0
B20: Impuestos | O20: =SUM(C20:N20) -> 0
B21: Flujo de Caja: | C21: =+C19-C20 -> 0 | D21: =+D19-D20 -> 0 | E21: =+E19-E20 -> 0 | F21: =+F19-F20 -> 0 | G21: =+G19-G20 -> 0 | H21: =+H19-H20 -> 0 | I21: =+I19-I20 -> 0 | J21: =+J19-J20 -> 0 | ... N21: =+N19-N20 -> 0 | O21: =SUM(C21:N21) -> 0

Sheet Pronóstico de Ventas
B2: Presupuesto de Ventas
C5: Mes 1 | D5: Mes 2 | E5: Mes 3 | F5: Mes 4 | G5: Mes 5 | H5: Mes 6 | I5: Mes 7 | J5: Mes 8 | K5: Mes 9 | L5: Mes 10 | M5: Mes 11 | N5: Mes 12 | O5: Total Anual
C6: Ene. | D6: Feb. | E6: Mar. | F6: Abr. | G6: May. | H6: Jun. | I6: Jul. | J6: Ago. | K6: Sep. | L6: Oct. | M6: Nov. | N6: Dic.
B7: Ingreso x Ventas Prod. A | O7: =SUM(C7:N7) -> 0
B8: Ingreso x Ventas Prod. B | O8: =SUM(C8:N8) -> 0
B9: Ingreso x Ventas Prod. C | O9: =SUM(C9:N9) -> 0
B10: Total Ventas: | C10: =SUM(C7:C9) -> 0 | D10: =SUM(D7:D9) -> 0 | E10: =SUM(E7:E9) -> 0 | F10: =SUM(F7:F9) -> 0 | G10: =SUM(G7:G9) -> 0 | H10: =SUM(H7:H9) -> 0 | I10: =SUM(I7:I9) -> 0 | J10: =SUM(J7:J9) -> 0 | ... N10: =SUM(N7:N9) -> 0 | O10: =SUM(C10:N10) -> 0
B11: Costos directos de A | O11: =SUM(C11:N11) -> 0
B12: Costos directos de B | O12: =SUM(C12:N12) -> 0
B13: Costos directos de C | O13: =SUM(C13:N13) -> 0
B14: Total CV x un. | C14: =SUM(C11:C13) -> 0 | D14: =SUM(D11:D13) -> 0 | E14: =SUM(E11:E13) -> 0 | F14: =SUM(F11:F13) -> 0 | G14: =SUM(G11:G13) -> 0 | H14: =SUM(H11:H13) -> 0 | I14: =SUM(I11:I13) -> 0 | J14: =SUM(J11:J13) -> 0 | ... N14: =SUM(N11:N13) -> 0 | O14: =SUM(C14:N14) -> 0
B17: Volver al Presupuesto Integral
